 Seeded DCSS version 0.29-a0-1047-g7c58e119a4 (webtiles) character file.

Game seed: 16325529221887051656 (custom seed)

836 hikkokomori the Trooper (level 7, -3/44 HPs)
             Began as a Gargoyle Earth Elementalist on Aug 16, 2022.
             Was an Initiate of Vehumet.
             Killed from afar by an acid dragon (23 damage)
             ... with a splash of acid
             ... on level 6 of the Dungeon on Aug 17, 2022.
             The game lasted 00:12:50 (4567 turns).

hikkokomori the Trooper (GrEE)                      Turns: 4567, Time: 00:12:56

Health: -3/44      AC:  3    Str: 11    XL:     7   Next: 99%
Magic:  14/14      EV: 12    Int: 18    God:    Vehumet [......]
Gold:   70         SH:  0    Dex: 10    Spells: 11/15 levels left

rFire   . . .      SeeInvis .   i - +5 eveningstar (drain)
rCold   . . .      Faith    .   (no shield)
rNeg    + . .      Spirit   .   a - +0 robe
rPois   ∞          Reflect  .   (no helmet)
rElec   +          Harm     .   (no cloak)
rCorr   .          Rampage  .   (no gloves)
Will    .....                   r - +0 pair of boots
Stlth   ++........              d - amulet of magic regeneration
HPRegen 0.14/turn               (no ring)
MPRegen 0.54/turn               (no ring)

@: corroded
A: sickness immunity, AC +4, negative energy resistance 1, electricity
resistance, torment resistance 1, petrification resistance
a: Renounce Religion


You were on level 6 of the Dungeon.
You worshipped Vehumet.
Vehumet was noncommittal.
You visited 1 branch of the dungeon, and saw 5 of its levels.

You collected 70 gold pieces.

Inventory:

Hand Weapons
 c - a +0 short sword
 i - a +5 eveningstar of draining (weapon)
Missiles
 j - a throwing net
Armour
 a - a +0 robe (worn)
 q - a +0 buckler
 r - a +0 pair of boots (worn)
Jewellery
 d - an amulet of magic regeneration (around neck)
Wands
 e - a wand of flame (7)
 f - a wand of roots (4)
Scrolls
 l - 2 scrolls of magic mapping
 m - a scroll of noise {unknown}
 p - a scroll of torment
Potions
 b - 2 potions of magic
 g - a potion of brilliance {unknown}
 h - a potion of degeneration
 k - a potion of curing
 n - a potion of cancellation
 o - a potion of ambrosia {unknown}
 s - a potion of might {unknown}


   Skills:
 + Level 5.1 Fighting
 + Level 4.4 Maces & Flails
 - Level 2.0 Dodging
 - Level 2.1 Stealth
 + Level 0.0 Shields
 + Level 4.7 Spellcasting
 + Level 0.6 Conjurations
 - Level 0.7 Transmutations
 + Level 4.1 Earth Magic


You had 11 spell levels left.
You knew the following spells:

 Your Spells              Type           Power      Damage    Failure   Level
a - Sandblast             Erth           38%        2d10      2%          1
b - Mephitic Cloud        Conj/Pois/Air  5%         N/A       36%         3

Your spell library contained the following spells:

 Spells                   Type           Power      Damage    Failure   Level
 Passwall                 Tmut/Erth      10%        N/A       8%          2
 Magic Dart               Conj           24%        1d4       11%         1
 Searing Ray              Conj           12%        2d4       16%         2
 Wereblood                Tmut           6%         N/A       16%         2
 Stone Arrow              Conj/Erth      26%        3d8       16%         3
 Call Imp                 Summ           4%         N/A       21%         2
 Dazzling Flash           Conj/Hex       10%        N/A       34%         3
 Petrify                  Tmut/Erth      13%        N/A       45%         4


Dungeon Overview and Level Annotations

Branches:
Dungeon (6/15)
 Temple: D:4-7

Altars:
Vehumet

Annotations:
D:5 2 transporters, pigah's ghost, novice OpAE


Innate Abilities, Weirdness & Mutations

You are immune to sickness and miasma.
Your stone body is resilient. (AC +4)
You are immune to poison.
You resist negative energy. (rN+)
You are resistant to electric shocks. (rElec)
You are resistant to unholy torment.
You are immune to petrification.


Message History

The white imp gestures at you. The puff of frost hits you!
You closely miss the white imp.
The white imp grins evilly.
The white imp barely misses you.
You thump the white imp!
You kill the white imp!
Vehumet accepts your kill.
m - a scroll labelled ZOCEUD TAUMUMEIPO You open the door.
There is an open door here.
Found a chain mail.
You see here a +0 chain mail.
Found 7 stones.
An acid dragon comes into view.
An acid dragon is nearby!
You open the door.
There is an open door here.
Found a scroll labelled ZOCEUD TAUMUMEIPO.
The helpless acid dragon fails to defend itself.
You hit the acid dragon. You drain the acid dragon.
The acid dragon is moderately wounded.
The acid dragon spits acid at you. The splash of acid hits you!
The acid corrodes you!
Something shouts, "Go and return not, thou unhinged unchin-snouted death-token!"
You barely miss the acid dragon.
The acid dragon is moderately wounded.
The acid dragon barely misses you. The acid dragon claws you.
Unknown command.
You barely miss the acid dragon.
The acid dragon is moderately wounded.
A shadow imp comes into view.
The acid dragon barely misses you. The acid dragon misses you.
You hit the acid dragon.
The acid dragon is moderately wounded.
The acid dragon bites you. The acid dragon claws you.
The acid dragon spits acid at you. The splash of acid hits you!!
Ouch! That really hurt!
You die...

#............ ###
#.(..........
....##............
..................
############............
...........'..........##
####...####....#####..#
#####....###....# ##.#
.......@........# #.#
.5..?...D.......# #..
............##### #..
..........$..# #..
.............# ##+
.............#
...............
...............


You could see an acid dragon (catching breath, drained) and a shadow imp.

Vanquished Creatures
  Eustachio (D:5)
  2 ogres (D:5)
  2 scorpions
  2 hounds
  Crazy Yiuf (D:5)
  An orc priest (D:4)
  A jelly (D:5)
  3 iguanas
  Terence (D:2)
  4 gnolls (D:4)
  5 adders
  A shadow imp (D:5)
  2 white imps
  2 worms (D:4)
  5 dart slugs
  4 orcs
  4 endoplasms
  A goblin (D:1)
  4 hobgoblins
  3 jackals (D:5)
  6 kobolds
  2 quokkas
  10 bats
  2 frilled lizards (D:1)
  2 rats (D:1)
71 creatures vanquished.

Vanquished Creatures (others)
  A fungus (D:5)
1 creature vanquished.

Grand Total: 72 creatures vanquished

Notes
Turn   | Place    | Note
-------+----------+-------------------------------------------
     0 | D:1      | hikkokomori the Gargoyle Earth Elementalist began the quest
                  | for the Orb.
     0 | D:1      | Reached XP level 1. HP: 10/10 MP: 3/3
   360 | D:1      | Reached XP level 2. HP: 8/16 MP: 1/5
   699 | D:1      | Reached skill level 1 in Fighting
  1160 | D:1      | Reached XP level 3. HP: 20/20 MP: 6/6
  1578 | D:1      | Identified 3 scrolls of acquirement
  1578 | D:1      | Acquired the Treatise on Reformation and Bolts
  1580 | D:1      | Acquired a +3 eveningstar of draining
  1582 | D:1      | Acquired an amulet of magic regeneration
  1637 | D:2      | Found a faded altar of an unknown god.
  1638 | D:2      | Noticed Terence
  1652 | D:2      | Killed Terence
  1765 | D:2      | You fall into a shaft and drop 2 floors!
  1806 | D:4      | Reached XP level 4. HP: 18/26 MP: 7/7
  1816 | D:4      | Noticed a scorpion
  1817 | D:4      | Reached skill level 1 in Maces & Flails
  1820 | D:4      | Reached skill level 2 in Fighting
  1822 | D:4      | Killed a scorpion
  1823 | D:4      | Reached XP level 5. HP: 22/31 MP: 9/9
  1880 | D:4      | Reached skill level 3 in Fighting
  2008 | D:4      | Reached XP level 6. HP: 12/37 MP: 11/11
  2513 | D:4      | Found a radiant altar of Vehumet.
  2546 | D:4      | Became a worshipper of Vehumet
  3106 | D:5      | Entered Level 5 of the Dungeon
  3106 | D:5      | Noticed Eustachio
  3239 | D:5      | Killed Eustachio
  3240 | D:5      | Reached skill level 4 in Fighting
  3240 | D:5      | Reached XP level 7. HP: 34/43 MP: 11/13
  3618 | D:5      | Noticed pigah's ghost (novice OpAE)
  3801 | D:5      | Found a transporter.
  3815 | D:5      | Upgraded the game from 0.29-a0-1043-g569b05d6ff to
                  | 0.29-a0-1047-g7c58e119a4
  3818 | D:5      | Found a transporter.
  3852 | D:5      | Reached skill level 5 in Fighting
  3862 | D:5      | Learned a level 3 spell: Mephitic Cloud
  4148 | D:5      | Found a runed translucent door.
  4149 | D:5      | Noticed Crazy Yiuf
  4154 | D:5      | Killed Crazy Yiuf
  4567 | D:6      | Killed from afar by an acid dragon

Illustrated notes

Levels and vault maps discovered:
D:1:      dpeg_arrival_shrine, layout_basic, minmay_ruptured
D:2:      layout_basic, hellmonk_ecumenical_altar_pennies_from_heaven,
          basic_altar, uniq_terence
D:4:      layout_loops_ring, fiery_altar_vehumet, roderic_batcave
D:5:      layout_loops_cross, gammafunk_ghost_arena, chequers_jeans,
          small_statue_intersection, uniq_crazy_yiuf_cottage, uniq_eustachio
D:6:      layout_basic, amcnicky_altar_gilded, temple_hall,
          biasface_ghost_orc_armoury

Skill      XL: |  1  2  3  4  5  6  7 |
---------------+----------------------+-----
Fighting       | 1 2 3 4 5 |  5.1
Earth Magic    | 4 |  4.1
Dodging        | 2 |  2.0
Maces & Flails | 2 3 4 |  4.4
Spellcasting   | 3 4 |  4.7
Stealth        | |  2.1
Conjurations   | |  0.6
Transmutations | |  0.7

Action                   |  1- 3 |  4- 6 |  7- 9 || total
-------------------------+-------+-------+-------++-------
Melee: Short sword       |    64 |       |       ||    64
       Unarmed           |     2 |       |       ||     2
       Eveningstar       |    22 |    82 |    34 ||   138
       Punch             |       |     1 |       ||     1
 Cast: Sandblast         |     9 |     4 |     5 ||    18
  Use: Scroll            |     6 |       |     5 ||    11
       Potion            |       |     2 |       ||     2
 Stab: Sleeping          |     1 |     3 |     1 ||     5
Armor: Robe              |    27 |    40 |     6 ||    73
Dodge: Dodged            |    72 |    73 |    23 ||   168

Table legend: (Time is in decaauts)
 A = Elapsed time spent in this place.
 B = Non-inter-level travel time spent in this place.
 C = Inter-level travel time spent in this place.
 D = Time resting spent in this place.
 E = Time spent auto-exploring this place.
 F = Levels seen in this place.
 G = Mean time per level.
                   A        B        C        D        E       F      G
               +--------+--------+--------+--------+--------+-----+--------+
         Total |   4645 |   4539 |    106 |    348 |   2941 |   5 |  929.0 |
       Dungeon |   4645 |   4539 |    106 |    348 |   2941 |   5 |  929.0 |
               +--------+--------+--------+--------+--------+-----+--------+

Top non-repeatable levels by time:
     D:1: 1627 daAuts
     D:4: 1479 daAuts
     D:5: 1218 daAuts
     D:2: 163 daAuts
     D:6: 157 daAuts
